 Dungeon Crawl Stone Soup version 0.21.0-3-g78d12a8 (webtiles) character file.

44 pomescollege the Sneak (level 3, 0/16 HPs)
             Began as a Spriggan Enchanter on Jan 18, 2018.
             Slain by a goblin (4 damage)
             ... led by Robin
             ... on level 1 of the Dungeon.
             The game lasted 00:03:40 (1234 turns).

pomescollege the Sneak (Spriggan Enchanter)         Turns: 1234, Time: 00:03:40

Health: 0/16       AC:  2    Str:  4    XL:     3   Next: 39%
Magic:  8/8        EV: 18    Int: 16    God:
Gold:   96         SH:  0    Dex: 17    Spells: 7/8 levels left

rFire    . . .     SeeInvis +   f - +2 short sword (drain)
rCold    . . .     Gourm    .   (shield restricted)
rNeg     . . .     Faith    .   b - +0 robe
rPois    +         Spirit   .   (helmet restricted)
rElec    .         Reflect  .   (no cloak)
rCorr    .         Harm     .   (gloves unavailable)
MR       .....                  (boots unavailable)
Stlth    +++.......             (no amulet)
HPRegen  0.05/turn              k - ring of poison resistance
MPRegen  0.11/turn              (no ring)

@: very quick
A: very small, unfitting armour, see invisible, herbivore, speed 3, slow
metabolism 2
a: no special abilities


You were on level 1 of the Dungeon.
You were not hungry.

You visited 1 branch of the dungeon, and saw 2 of its levels.

You collected 96 gold pieces.

Inventory:

Hand Weapons
 a - a +1 dagger
 f - a +2 short sword of draining (weapon)
Armour
 b - a +0 robe (worn)
Jewellery
 k - a ring of poison resistance (left hand)
Wands
 m - a wand of clouds (6)
Scrolls
 e - a scroll of identify
 h - a scroll of remove curse {unknown}
 i - 3 scrolls of teleportation {unknown}
 j - 2 scrolls of amnesia {unknown}
 l - a scroll of fog {unknown}
 n - a scroll of enchant weapon {unknown}
Potions
 g - a potion of resistance
Books
 c - a book of Maledictions

   Spells                             Type                      Level
   a - Corona                         Hexes                        1
   b - Ensorcelled Hibernation        Hexes/Ice                    2
   c - Confuse                        Hexes                        3
   d - Tukima's Dance                 Hexes                        3
   e - Dazzling Spray                 Conjuration/Hexes            3
Comestibles
 d - 5 rations


   Skills:
 + Level 2.2 Short Blades
 - Level 3.0 Dodging
 + Level 5.5 Stealth
 - Level 3.0 Spellcasting
 - Level 3.9 Hexes


You had 7 spell levels left.
You knew the following spells:

 Your Spells              Type           Power        Failure   Level  Hunger
a - Corona                Hex            ###....      3%          1    #......


Dungeon Overview and Level Annotations

Branches:
Dungeon (2/15)

Altars:


Innate Abilities, Weirdness & Mutations

You are very small and have problems with some larger weapons.
You are too small for most types of armour.
You have supernaturally acute eyesight. (SInv)
You are a herbivore.
You cover ground extremely quickly.
You need consume almost no food.


Message History

Robin hits you with a mace of pain.
You hit Robin.
Robin is almost dead.
Robin misses you.
There is a stone staircase leading up here.
You barely miss Robin.
Robin is almost dead.
Robin throws the goblin at you!
Unknown command.
Robin barely misses you.
You climb upwards.
There is a stone staircase leading down here.
You hit Robin. You drain Robin!
You kill Robin!
The goblin hits you.
* * * LOW HITPOINT WARNING * * *
You hit the goblin.
The goblin is severely wounded.
The goblin hits you.
You die...

#.....# #...........#
####### #.######..#.#
#.# ###.#.# #.# #.....#
########### #.#
##.....# ..........#
######.# #.......
#########.######...##.#
#......#
#......g...##.#
#......#
#######..@.....#
#.##.#.#
########.[.......)....#
#.##.#.#
......)..#####.......##
#.##.#.. ###.######
###...### #.##.##.
###.######## #...#
#.##.##. ...........#
##.## #.##.##.
##########.# #.#
###.##.##.
.........#.### #.#
#.........
###.####.#...# #.#
###.........


You could see a goblin.

Vanquished Creatures
  Robin (D:1)
  A worm (D:2)
  A dart slug (D:2)
  A leopard gecko (D:1)
  5 goblins
  4 hobgoblins
  5 kobolds (D:1)
  A ball python (D:1)
  4 bats (D:1)
  4 rats (D:1)
27 creatures vanquished.

Notes
Turn   | Place    | Note
-------+----------+-------------------------------------------
     0 | D:1      | pomescollege the Spriggan Enchanter began the quest for the Orb.
     0 | D:1      | Reached XP level 1. HP: 9/9 MP: 5/5
   101 | D:1      | Reached XP level 2. HP: 11/13 MP: 7/7
   519 | D:1      | Reached skill level 5 in Stealth
   919 | D:2      | Reached XP level 3. HP: 10/16 MP: 8/8
  1039 | D:2      | Noticed Robin
  1233 | D:1      | Killed Robin
  1234 | D:1      | Slain by a goblin

Skill      XL: |  1  2  3 |
---------------+----------+-----
Spellcasting   | 3 |  3.0
Stealth        | 5 |  5.5
Short Blades   | 2 |  2.2
Dodging        | |  3.0
Hexes          | |  3.9

Action                   || total
-------------------------++-------
Melee: Dagger            ||    11
       Short sword       ||    60
Evoke: Wand              ||     1
  Use: Scroll            ||     2
 Stab: Sleeping          ||     5
Armor: Robe              ||     6
Dodge: Dodged            ||    50
